 Dungeon Crawl Stone Soup version 0.29.0-4-gdea44cf6ec (webtiles) character file.

Game seed: 3886809872431407203

193 qw the Chopper (level 5, 0/30 HPs)
             Began as a Tengu Warper on Aug 28, 2022.
             Slain by an orc
             ... wielding a +0 flail
              (2 damage)
             ... on level 4 of the Dungeon.
             The game lasted 00:00:23 (3626 turns).

qw the Chopper (Tengu Warper)                       Turns: 3626, Time: 00:00:23

Health: 0/30       AC:  9    Str: 14    XL:     5   Next: 72%
Magic:  9/9        EV:  8    Int: 13    God:
Gold:   99         SH:  0    Dex: 13    Spells: 8/8 levels left

rFire   . . .      SeeInvis .   Y - +0 hand axe
rCold   . . .      Faith    .   (no shield)
rNeg    . . .      Spirit   .   j - +0 chain mail
rPois   .          Reflect  .   (helmet restricted)
rElec   .          Harm     .   i - +0 cloak
rCorr   .          Rampage  .   (no gloves)
Will    .....                   (boots unavailable)
Stlth   ..........              (no amulet)
HPRegen 0.10/turn               (no ring)
MPRegen 0.11/turn               (no ring)

@: flying quickly and evasively, quick
A: beak, talons 3, nimble flight
a: no special abilities


You were on level 4 of the Dungeon.
You visited 1 branch of the dungeon, and saw 4 of its levels.

You collected 216 gold pieces.
You spent 117 gold pieces at shops.


Innate Abilities, Weirdness & Mutations

You have a beak for a mouth.
You have claws for feet.
Your magical nature lets you fly swiftly and evasively.


   Skills:
 - Level 2.0 Fighting
 + Level 5.9 Axes
 - Level 1.0 Throwing
 - Level 2.4 Armour
 - Level 2.1 Dodging
 - Level 2.0 Spellcasting
 - Level 2.4 Translocations


You had 8 spell levels left.
You didn't know any spells.
Your spell library contained the following spells:

 Spells                   Type           Power      Damage    Failure   Level
 Blink                    Tloc           14%        N/A       98%         2
 Gell's Gravitas          Tloc           7%         N/A       100%        3
 Lesser Beckoning         Tloc           7%         N/A       100%        3
 Teleport Other           Tloc           7%         N/A       100%        3
 Manifold Assault         Tloc           7%         N/A       100%        5

Inventory:

Hand Weapons
 e - a +1 flail of protection
 Y - a +0 hand axe (weapon)
Missiles
 g - 7 boomerangs (quivered)
Armour
 i - a +0 cloak (worn)
 j - a +0 chain mail (worn)
Scrolls
 a - 3 scrolls of identify
Potions
 c - 2 potions of curing
 k - a potion of cancellation

Dungeon Overview and Level Annotations

Branches:
Dungeon (4/15)
 Temple: D:4-7

Altars:
Dithmenos
Hepliaklqana

Shops:
D:3 [


Message History

The orc hits you with a +0 flail.
A hobgoblin comes into view. It is wielding a +0 club.
The orc hits you with a +0 hand axe.
The orc wizard points at you and mumbles some strange words.
You resist with some effort. The jackal bites you.
You closely miss the jackal.
The hobgoblin shouts!
Your kick misses the jackal.
The jackal is almost dead.
You hit the orc. You barely miss the jackal. You barely miss the orc wizard.
You hit the orc.
The jackal bites you but does no damage.
The orc hits you with a +0 flail. The orc hits you with a +0 hand axe.
The orc wizard casts a spell at you.
You are confused.
The jackal misses you.
The jackal bites you but does no damage.
3624 ||| DRINKING 3 potions of curing.
You feel better.
3624 ||| (to cure confusion)
The jackal barely misses you. Something hits you but does no damage.
The orc hits you but does no damage. The orc hits you with a +0 hand axe.
The orc wizard hits you but does no damage.
The jackal bites you.
You hit the jackal.
You kill the jackal!
You hit something. You hit the orc.
You kill the orc!
You hit the jackal but do no damage. You hit the orc wizard.
You barely miss the orc.
The jackal bites you but does no damage.
The orc hits you with a +0 flail. The orc wizard barely misses you.
You hear some strange, mumbled words.
A puff of flame appears from out of thin air!
The puff of flame hits you. The jackal bites you.
You slash the jackal!
You kill the jackal!
You hit something. You closely miss the orc. You closely miss the orc wizard.
You hit the orc but do no damage. Something hits you but does no damage.
The orc hits you with a +0 flail.
You die...

###........>#.###...........#.
#....###.#.##..#........######
#.!.#...###..............
....###...##.............. #..
#.........##........ #.
#....##...##...... #
......####....#......
.###.##.#....)o.#
#.........o@##
...........o{...>..
................##.. ..
...............#
......g.......##
...[..##.....# ..... .....##
... ......


You could see an orc wizard, 2 orcs and a hobgoblin.

Vanquished Creatures
  A hound (D:4)
  Robin (D:3)
  3 adders
  2 worms (D:2)
  4 dart slugs
  8 orcs
  8 ball pythons
  8 bats
  7 endoplasms
  3 giant cockroaches
  8 hobgoblins
  11 jackals
  2 kobolds
  2 quokkas
  2 frilled lizards
  17 goblins
  9 rats
96 creatures vanquished.

Vanquished Creatures (others)
  A plant (D:1)
1 creature vanquished.

Grand Total: 97 creatures vanquished

Notes
Turn   | Place    | Note
-------+----------+-------------------------------------------
     0 | D:1      | qw the Tengu Warper began the quest for the Orb.
     0 | D:1      | Reached XP level 1. HP: 12/12 MP: 4/4
     0 | D:1      | 0 ||| qw: Version: 0.1-a-89-g26bdef1
     0 | D:1      | 0 ||| qw: Game counter: 3237
     0 | D:1      | 0 ||| qw: Always use a shield: true
     0 | D:1      | 0 ||| qw: God list: Okawaru
     0 | D:1      | 0 ||| qw: Allow faded altars: false
     0 | D:1      | 0 ||| qw: Do Orc after D:15 true
     0 | D:1      | 0 ||| qw: Do second Lair branch before Depths: true
     0 | D:1      | 0 ||| qw: Lair rune preference: random
     0 | D:1      | 0 ||| qw: Plans: Normal
     0 | D:1      | 0 ||| PLANNING D:1-11
    51 | D:1      | 51 ||| Stepping ~*~*~tactically~*~*~ (hiding).
   173 | D:1      | 173 ||| Stepping ~*~*~tactically~*~*~ (stealth).
   180 | D:1      | Reached skill level 3 in Axes
   180 | D:1      | Reached XP level 2. HP: 17/17 MP: 6/6
   672 | D:1      | Found a faded altar of an unknown god.
   867 | D:1      | Reached XP level 3. HP: 21/21 MP: 7/7
   989 | D:1      | 989 ||| UPGRADING to +0 ring mail.
   999 | D:1      | 999 ||| DROPPING +0 leather armour.
  1000 | D:1      | 1000 ||| UPGRADING to +0 cloak.
  1005 | D:1      | 1005 ||| READING 3 scrolls labelled QUFONLUMUO.
  1006 | D:1      | 1006 ||| READING scroll labelled GAXTYD BIQITARGH.
  1007 | D:1      | 1007 ||| READING 2 scrolls of identify.
  1007 | D:1      | 1007 ||| IDENTIFYING bubbling purple potion
  1008 | D:1      | 1008 ||| DROPPING scroll of blinking.
  1009 | D:1      | 1009 ||| DROPPING potion of ambrosia.
  1030 | D:2      | 1030 ||| STAIRDANCE
  1052 | D:2      | 1052 ||| Stepping ~*~*~tactically~*~*~ (stealth).
  1059 | D:2      | 1059 ||| Stepping ~*~*~tactically~*~*~ (stealth).
  1080 | D:2      | Reached skill level 4 in Axes
  1168 | D:2      | 1168 ||| FLEEEEING.
  1169 | D:2      | 1169 ||| FLEEEEING.
  1171 | D:2      | 1171 ||| FLEEEEING.
  1172 | D:2      | 1172 ||| FLEEEEING.
  1173 | D:2      | 1173 ||| STAIRDANCE
  1252 | D:2      | Found a hazy altar of Hepliaklqana.
  1266 | D:2      | 1266 ||| Stepping ~*~*~tactically~*~*~ (hiding).
  1283 | D:2      | 1283 ||| DROPPING +0 club.
  1306 | D:2      | 1306 ||| Stepping ~*~*~tactically~*~*~ (stealth).
  1652 | D:2      | Reached XP level 4. HP: 22/26 MP: 8/8
  1866 | D:2      | 1866 ||| UPGRADING to +0 scale mail.
  1876 | D:2      | 1876 ||| DROPPING +0 ring mail.
  1877 | D:2      | 1877 ||| READING 2 scrolls labelled RIOTO LOUVVUIMP.
  1878 | D:2      | 1878 ||| READING 5 scrolls of identify.
  1878 | D:2      | 1878 ||| IDENTIFYING metallic sapphire potion
  1879 | D:2      | 1879 ||| READING 4 scrolls of identify.
  1879 | D:2      | 1879 ||| IDENTIFYING clear potion
  1880 | D:2      | 1880 ||| DROPPING potion of degeneration.
  1881 | D:2      | 1881 ||| DROPPING scroll of poison.
  1882 | D:2      | 1882 ||| DROPPING potion of berserk rage.
  1883 | D:2      | 1883 ||| Stepping randomly (stuck).
  1884 | D:2      | 1884 ||| Stepping ~*~*~tactically~*~*~ (cloud).
  1889 | D:2      | HP: 6/26 [poisoned by you (poison gas)]
  2346 | D:3      | 2346 ||| DROPPING +0 mace.
  2376 | D:3      | Reached skill level 5 in Axes
  2451 | D:3      | 2451 ||| Stepping ~*~*~tactically~*~*~ (hiding).
  2456 | D:3      | 2456 ||| Stepping ~*~*~tactically~*~*~ (hiding).
  2458 | D:3      | Noticed Robin
  2469 | D:3      | Killed Robin
  2564 | D:3      | 2564 ||| Stepping ~*~*~tactically~*~*~ (stealth).
  2592 | D:3      | 2592 ||| Stepping ~*~*~tactically~*~*~ (stealth).
  2597 | D:3      | 2597 ||| Stepping ~*~*~tactically~*~*~ (stealth).
  2598 | D:3      | 2598 ||| Stepping ~*~*~tactically~*~*~ (stealth).
  2693 | D:3      | Gained mutation: Your magical nature lets you fly swiftly
                  | and evasively. [Tengu growth]
  2693 | D:3      | Reached XP level 5. HP: 29/30 MP: 9/9
  2933 | D:3      | Found Naklom's Antique Armour Shop.
  2938 | D:3      | 2938 ||| BUYING chain mail (117 gold).
  2938 | D:3      | Bought a chain mail for 117 gold pieces
  2938 | D:3      | 2938 ||| SHOPLISTING shiny chain mail (195 gold, have 61).
  3109 | D:3      | Found a shadowy altar of Dithmenos.
  3263 | D:3      | 3263 ||| UPGRADING to +0 chain mail.
  3273 | D:3      | 3273 ||| DROPPING +0 scale mail.
  3274 | D:3      | 3274 ||| DROPPING amulet of faith.
  3275 | D:3      | 3275 ||| READING scroll labelled ADUEMP YV CUTECHA.
  3276 | D:3      | 3276 ||| READING scroll labelled WURELA HEECE.
  3277 | D:3      | 3277 ||| DRINKING 3 gluggy clear potions.
  3278 | D:3      | 3278 ||| READING 4 scrolls of identify.
  3278 | D:3      | 3278 ||| IDENTIFYING glowing green potion
  3285 | D:4      | 3285 ||| PLANNING SEWER
  3303 | D:4      | 3303 ||| STAIRDANCE
  3460 | D:4      | 3460 ||| Stepping ~*~*~tactically~*~*~ (hiding).
  3624 | D:4      | 3624 ||| DRINKING 3 potions of curing.
  3624 | D:4      | 3624 ||| (to cure confusion)
  3625 | D:4      | HP: 4/30 [something/puff of flame (6)]
  3625 | D:4      | HP: 1/30 [jackal (3)]
  3626 | D:4      | Slain by an orc

Levels and vault maps discovered:
D:1:      dpeg_arrival_orchard, layout_basic,
          shapermc_ecumenical_altar_mp_highgroup, interstate_on_off,
          chequers_serial_rivers_marsh
D:2:      layout_rooms, basic_altar, minmay_tall_x
D:3:      layout_loops_ring, mainiacjoe_overflow_alcove_4, serial_shops, shop,
          minivault_19, uniq_robin
D:4:      minmay_opposing_rooms, layout_cave_pools, serial_glass,
          glass_columns_b, glass_columns_b, gup_sewer_entry_bowl,
          eino_curves_04, minmay_fire_ice_demons

Skill      XL: |  1  2  3  4  5 |
---------------+----------------+-----
Axes           | 3 4 5 |  5.9
Armour         | 2 |  2.4
Fighting       | |  2.0
Throwing       | |  1.0
Dodging        | |  2.1
Spellcasting   | |  2.0
Translocations | |  2.4

Action                   |  1- 3 |  4- 6 || total
-------------------------+-------+-------++-------
Melee: Hand axe          |    75 |   112 ||   187
       Kick              |    18 |    22 ||    40
       Peck              |     8 |    13 ||    21
Throw: Boomerang         |    40 |    52 ||    92
  Use: Scroll            |     3 |     6 ||     9
       Potion            |       |     2 ||     2
Armor: Leather armour    |     5 |       ||     5
       Ring mail         |    19 |     1 ||    20
       Scale mail        |       |    31 ||    31
       Chain mail        |       |    34 ||    34
Dodge: Dodged            |    43 |    57 ||   100

Table legend:
 A = Non-vault XP
 B = Vault XP
 C = Vault XP percentage of total XP
 D = Non-vault monster count
 E = Vault monster count
 F = Vault count percentage of total count
                 A         B        C        D         E       F
            +---------+---------+-------+---------+---------+-------
      Total |     238 |      41 |  14.7 |      81 |      15 |  15.6
            +---------+---------+-------+---------+---------+-------
        D:1 |      36 |       0 |   0.0 |      22 |       0 |   0.0
        D:2 |      46 |       6 |  11.5 |      21 |       4 |  16.0
        D:3 |      82 |      35 |  29.9 |      28 |      11 |  28.2
        D:4 |      74 |       0 |   0.0 |      10 |       0 |   0.0
            +---------+---------+-------+---------+---------+-------
